 Dungeon Crawl Stone Soup version bcrawl-1.20 (webtiles) character file.

Game seed: 17826001552338958224

399 Mrkan the Ruffian (level 6, -1/62 HPs)
             Began as a Troll Fighter on Jan 20, 2020.
             Slain by an orc wizard
             ... wielding a +0 dagger
              (2 damage)
             ... on level 3 of the Dungeon.
             The game lasted 00:03:49 (2207 turns).

Mrkan the Ruffian (Troll Fighter)                   Turns: 2207, Time: 00:03:49

Health: -1/62      AC:  7    Str: 27    XL:     6   Next: 53%
Magic:  5/5        EV:  8    Int:  5    God:
Gold:   176        SH:  8    Dex:  9    Spells: 5/5 levels left

rFire    . . .     SeeInvis .     - Unarmed
rCold    . . .     Gourm    +   a - +0 shield
rNeg     . . .     Faith    .   (armour unavailable)
rPois    .         Spirit   .   (helmet restricted)
rElec    .         Reflect  .   k - +0 cloak
rCorr    .         Harm     .   (gloves unavailable)
MR       .....                  (boots unavailable)
Stlth    +.........             (no amulet)
HPRegen  0.60/turn              (no ring)
MPRegen  0.09/turn              (no ring)

@: lethally poisoned (-1 -> -1)
A: large, almost no armour, unfitting armour, claws 3, fast metabolism 3,
gourmand, regeneration 1, AC +6
a: no special abilities


You were on level 3 of the Dungeon.
You were very full.

You visited 1 branch of the dungeon, and saw 3 of its levels.

You collected 176 gold pieces.

Inventory:

Armour
 a - a +0 shield (worn)
 k - a +0 cloak (worn)
Jewellery
 d - a +5 ring of intelligence {unknown}
 p - a +2 ring of strength {unknown}
Scrolls
 c - a scroll of teleportation
 f - a scroll of fog {unknown}
 m - a scroll of identify
Potions
 b - a potion of might
 g - a potion of agility {unknown}
 h - a potion of flight {unknown}
 i - a potion of cancellation {unknown}
 j - a potion of mutation {unknown}
 n - 2 potions of curing
Comestibles
 e - 6 rations {!d}


   Skills:
 + Level 4.0 Fighting
 - Level 2.4 Dodging
 - Level 2.0 Shields
 * Level 5.9 Unarmed Combat


You had 5 spell levels left.
You didn't know any spells.
Your spell library was empty.

Dungeon Overview and Level Annotations

Branches:
Dungeon (3/12)

Altars:
Ashenzari
Qazlal
The Shining One


Innate Abilities, Weirdness & Mutations

You cannot wear most types of armour.
Your thick skin is tough. (AC +6)
You are too large for most types of armour.
You have claws for hands.
Your metabolism is lightning-fast.
You like to eat raw meat.
Your natural rate of healing is unusually fast.


Message History

You closely miss something.
You feel sick.
The worker ant bites you but does no damage.
Something hits you but does no damage. x2
The worker ant bites you.
* * * LOW HITPOINT WARNING * * *
Something hits you but does no damage.
You feel sick. The worker ant bites you.
* * * LOW HITPOINT WARNING * * *
Something hits you.
* * * LOW HITPOINT WARNING * * *
You're too confused to move!
You feel less confused. Something hits you.
* * * LOW HITPOINT WARNING * * *
You block the worker ant's attack. Something hits you.
* * * LOW HITPOINT WARNING * * *
You claw the orc!
You kill the orc!
You feel sick. The worker ant closely misses you. Something hits you.
You die...

....... #### .# ######.#
..a.... ..# ###.#### #.#
....... #.# #......# #.#
....... ##.###......# ##..
......S
#...........+......
.......
#..###......##.....
.......####..#
#.......#.####
......Zw†...{# #.....#.#.
##########.a@#.###.#.#.#.#
#.).#.........#.#
......#.###.#.###.#
##.##..# #.#.###.# ...
...# #)#.....# #######.
##..# #.#.....# #....##.
#..# #.#.....# #....# #..#
#.###.#.# ###....# ..
#.#.##


You could see a worm, a worker ant and a quokka skeleton.

Vanquished Creatures
  A sky beast (D:2)
  An ogre (D:3)
  A hound (D:3)
  Crazy Yiuf (D:2)
  Terence (D:3)
  Robin (D:2)
  3 adders
  2 oozes (D:2)
  5 worms
  3 dart slugs
  5 leopard geckos
  4 orcs
  7 giant cockroaches
  8 goblins
  5 hobgoblins
  2 jackals (D:1)
  4 kobolds
  3 quokkas
  A ball python (D:3)
  8 bats
  4 frilled lizards
70 creatures vanquished.

Notes
Turn   | Place    | Note
-------+----------+-------------------------------------------
     0 | D:1      | Mrkan the Troll Fighter began the quest for the Orb.
     0 | D:1      | Reached XP level 1. HP: 22/22 MP: 0/0
   139 | D:1      | Reached XP level 2. HP: 24/29 MP: 1/1
   231 | D:1      | Reached skill level 3 in Unarmed Combat
   351 | D:1      | Reached XP level 3. HP: 28/36 MP: 2/2
  1017 | D:2      | Found a stormy altar of Qazlal.
  1081 | D:2      | Found a runed door.
  1133 | D:2      | Noticed Crazy Yiuf
  1136 | D:2      | Killed Crazy Yiuf
  1136 | D:2      | Reached skill level 4 in Unarmed Combat
  1136 | D:2      | Gained mutation: Your natural rate of healing is unusually
                  | fast. [Troll growth]
  1136 | D:2      | Reached XP level 4. HP: 45/45 MP: 3/3
  1219 | D:2      | Found a glowing golden altar of the Shining One.
  1219 | D:2      | Found a shattered altar of Ashenzari.
  1253 | D:2      | Noticed Robin
  1261 | D:2      | Killed Robin
  1504 | D:2      | Noticed a sky beast
  1519 | D:2      | Killed a sky beast
  1519 | D:2      | Reached skill level 5 in Unarmed Combat
  1519 | D:2      | Reached XP level 5. HP: 37/53 MP: 4/4
  1953 | D:3      | Reached XP level 6. HP: 58/62 MP: 5/5
  2058 | D:3      | Noticed Terence
  2069 | D:3      | Killed Terence
  2206 | D:3      | HP: 2/62 [something (2)]
  2207 | D:3      | Slain by an orc wizard

Skill      XL: |  1  2  3  4  5  6 |
---------------+-------------------+-----
Unarmed Combat | 3 4 5 |  5.9
Fighting       | 3 4 |  4.0
Dodging        | |  2.4
Shields        | |  2.0

Action                   |  1- 3 |  4- 6 || total
-------------------------+-------+-------++-------
Melee: Unarmed           |   126 |   124 ||   250
  Use: Scroll            |       |     5 ||     5
 Stab: Sleeping          |     1 |     1 ||     2
  Eat: Chunk             |     8 |    10 ||    18
Armor: Skin              |    51 |    47 ||    98
Dodge: Dodged            |    33 |    26 ||    59
Block: Shield            |    55 |    39 ||    94
